 Dungeon Crawl Stone Soup version 0.31-a0-339-gda1cbd555d (webtiles) character file.

Game seed: 11357368770787371617

70 arthad the Shield-Bearer (level 4, -19/29 HPs)
             Began as a Gargoyle Fighter on July 21, 2023.
             Demolished by an ogre
             ... wielding a +0 giant club
              (29 damage)
             ... on level 3 of the Dungeon.
             The game lasted 00:02:18 (1749 turns).

arthad the Shield-Bearer (Gargoyle Fighter)         Turns: 1749, Time: 00:02:19

Health: -19/29     AC: 10    Str: 22    XL:     4   Next: 22%
Magic:  4/4        EV:  9    Int:  8    God:
Gold:   140        SH:  4    Dex:  9    Spells: 3/3 levels left

rFire   . . .        a - +0 flail
rCold   + . .        c - +0 buckler
rNeg    + . .        b - +0 scale mail
rPois   ∞            (no helmet)
rElec   +            (no cloak)
rCorr   .            (no gloves)
SInv    .            (no boots)
Will    .....        (no amulet) Stlth
                     h - ring of protection from cold
HPRegen 0.24/turn    (no ring)
MPRegen 0.09/turn

%: no passive effects
@: mighty
A: sickness immunity, AC +3, negative energy resistance 1, electricity
resistance, torment resistance 1, petrification resistance
a: no special abilities


You were on level 3 of the Dungeon.
You visited 1 branch of the dungeon, and saw 3 of its levels.

You collected 140 gold pieces.

Inventory:

Hand Weapons
 a - a +0 flail (weapon)
Armour
 b - a +0 scale mail (worn)
 c - a +0 buckler (worn)
 o - a +0 tower shield
Jewellery
 h - a ring of protection from cold (left hand)
 k - a ring of fire
Scrolls
 e - a scroll of teleportation {unknown}
 f - a scroll of enchant armour {unknown}
 l - a scroll of amnesia {unknown}
 m - 2 scrolls of poison {unknown}
 p - a scroll of identify {unknown}
 q - a scroll of fog {unknown}
Potions
 d - 3 potions of might
 g - 2 potions of degeneration {unknown}
 i - a potion of heal wounds {unknown}
 j - 2 potions of cancellation {unknown}
 n - 2 potions of lignification {unknown}


   Skills:
 + Level 3.9 Fighting
 + Level 2.7 Maces & Flails
 + Level 3.9 Armour
 + Level 3.9 Shields


You had 3 spell levels left.
You didn't know any spells.
Your spell library contained the following spells:

 Spells                   Type           Power      Damage    Failure   Level
 Ensorcelled Hibernation  Hex/Ice        0%         N/A       90%         2
 Passwall                 Tmut/Erth      0%         N/A       90%         2
 Poisonous Vapours        Pois/Air       0%         N/A       90%         2
 Mephitic Cloud           Conj/Pois/Air  0%         N/A       99%         3
 Ozocubu's Armour         Ice            0%         N/A       99%         3
 Swiftness                Air            0%         N/A       99%         3
 Freezing Cloud           Conj/Ice/Air   0%         6-21      100%        5
 Metabolic Englaciation   Hex/Ice        0%         N/A       100%        5
 Simulacrum               Ice/Necr       0%         N/A       100%        6


Dungeon Overview and Level Annotations

Branches:
Dungeon (3/15)

Altars:


Innate Abilities, Weirdness & Mutations

You are immune to sickness and miasma.
Your stone body is resilient. (AC +3)
You are immune to poison.
You resist negative energy. (rN+)
You are resistant to electric shocks. (rElec)
You are resistant to unholy torment.
You are immune to petrification.


Message History

No target in view!
No target in view!
No target in view!
No target in view!
You open the door.
An ogre and 8 goblins come into view.
The goblin shouts!
The ogre shouts!
The goblin shouts! x6
Found 9 large rocks.
There are monsters nearby!
You sock the goblin!
You kill the goblin!
You hit the goblin.
You kill the goblin!
The goblin unwields a +0 club.
The goblin wields a +0 sling.
The goblin shoots a sling bullet.
You block the sling bullet.
You sock the goblin!
You kill the goblin!
The goblin shoots a sling bullet.
The sling bullet hits you but does no damage.
You barely miss the ogre.
The ogre hits you with a +0 giant club!!
Ouch! That really hurt!
You are too injured to fight recklessly!
You are too injured to fight recklessly!
You are too injured to fight recklessly!
You are too injured to fight recklessly!
You are too injured to fight recklessly!
You are too injured to fight recklessly!
You are too injured to fight recklessly!
You are too injured to fight recklessly!
You are too injured to fight recklessly!
You are too injured to fight recklessly!
You are too injured to fight recklessly!
You are too injured to fight recklessly!
You feel very mighty all of a sudden. You block the ogre's attack.
You barely miss the ogre.
The ogre hits you with a +0 giant club!!
Ouch! That really hurt!
You die...

##### ######### #..(#
........# #..O#
........###.g.####
..........##g##..#
......†.....gg##.#
###.###†#####O##.#
##.....#####@##.######
..........##..........#
###.#####.##..##.####.#
#.#####.##..##.# #.#
#.......##..##.## #.#
#.####......##..# #.#
..####.###.####.# #.#
#. #.#........# #.# #.#
#. ##.#.#~~~~..# #.#
#.#


You could see an ogre and 4 goblins.

Vanquished Creatures
  2 adders (D:2)
  A worm (D:3)
  An orc (D:3)
  4 endoplasms
  A giant cockroach (D:1)
  6 goblins
  3 hobgoblins
  2 jackals (D:3)
  4 kobolds
  3 quokkas (D:2)
  5 ball pythons
  3 bats
  2 frilled lizards
  9 rats
46 creatures vanquished.

Notes
Turn   | Place    | Note
-------+----------+-------------------------------------------
     0 | D:1      | arthad the Gargoyle Fighter began the quest for the Orb.
     0 | D:1      | Reached XP level 1. HP: 14/14 MP: 1/1
   183 | D:1      | Reached XP level 2. HP: 19/19 MP: 2/2
   691 | D:2      | Reached XP level 3. HP: 23/23 MP: 3/3
  1466 | D:3      | Reached XP level 4. HP: 21/29 MP: 4/4
  1741 | D:3      | Noticed an ogre
  1749 | D:3      | Demolished by an ogre

Illustrated notes

Levels and vault maps discovered:
D:1:      heliophobic_arrival_dark_side_of_the_moon, layout_basic,
          nicolae_titane
D:2:      layout_basic
D:3:      wander_river, layout_loops_ring, minmay_ogre_servants, uniq_grinder

Action                     |  1- 3 |  4- 6 || total
---------------------------+-------+-------++-------
  Melee: Flail             |   125 |    26 ||   151
    Use: Potion            |       |     1 ||     1
 Armour: Scale mail        |    91 |    12 ||   103
  Dodge: Dodged            |    52 |     8 ||    60
  Block: Buckler           |    21 |     3 ||    24

Table legend: (Time is in decaauts)
 A = Elapsed time spent in this place.
 B = Non-inter-level travel time spent in this place.
 C = Inter-level travel time spent in this place.
 D = Time resting spent in this place.
 E = Time spent auto-exploring this place.
 F = Levels seen in this place.
 G = Mean time per level.
                   A        B        C        D        E       F      G
               +--------+--------+--------+--------+--------+-----+--------+
         Total |   1799 |   1752 |     47 |      0 |   1403 |   3 |  599.7 |
       Dungeon |   1799 |   1752 |     47 |      0 |   1403 |   3 |  599.7 |
               +--------+--------+--------+--------+--------+-----+--------+

Top non-repeatable levels by time:
     D:1: 663 daAuts
     D:2: 580 daAuts
     D:3: 555 daAuts
